 Dungeon Crawl Stone Soup version 0.20-a0-899-g09a9bfb (webtiles) character file.

89541 useraccount the Slicer (level 15, -3/88 HPs)
             Began as a Vine Stalker Fighter on Mar 19, 2017.
             Was the Champion of Wu Jian.
             Killed from afar by a manticore (9 damage)
             ... with a volley of spikes
             ... on level 15 of the Dungeon.
             The game lasted 00:46:14 (17874 turns).

useraccount the Slicer (Vine Stalker Fighter)      Turns: 17874, Time: 00:46:15

Health: -3/88      AC:  9    Str: 24    XL:     15   Next: 97%
Magic:  0/16       EV: 19    Int: 12    God:    Wu Jian [******]
Gold:   768        SH: 14    Dex: 20    Spells: 14/14 levels left

rFire    . . .     SeeInvis +   a - +4 rapier (venom)
rCold    + . .     Gourm    .   Z - +0 leather armour "Kitwam" {*Slow rElec Regen+ Slay+4}
rNeg     + + .     Faith    .   c - +0 shield
rPois    +         Spirit   +   G - +2 helmet "Nenn" {rPois rC- rN+ SInv}
rElec    +         Reflect  .   n - scarf {rC+}
rCorr    .         Harm     .   V - +2 pair of gloves {Dex+3}
MR       ++...                  (no boots)
Stlth    ++........             v - amulet of magic regeneration
Regen    1.5/turn               N - ring of protection from cold
MPRegen  0.3/turn               k - ring of positive energy

@: barbed spikes
A: fangs 3, agile 1, blurry vision 1, clever 2, deformed body, magic resistance
1, sense surroundings 1, regeneration 2, robust 1, wild magic 1, magic shield,
antimagic bite, no potion heal 3, rot immunity
a: Serpent's Lash, Heaven On Earth, Renounce Religion


You were on level 15 of the Dungeon.
You worshipped Wu Jian.
Wu Jian was exalted by your worship.
You were not hungry.

You visited 3 branches of the dungeon, and saw 22 of its levels.
You also visited: Labyrinth and Ossuary.

You collected 1468 gold pieces.
You spent 700 gold pieces at shops.

Inventory:

Hand Weapons
 a - a +4 rapier of venom (weapon)
Missiles
 e - 12 javelins (quivered)
Armour
 c - a +0 shield (worn)
 n - a scarf of cold resistance (worn)
 G - the +2 helmet "Nenn" (worn) {rPois rC- rN+ SInv}
   (You found it on level 6 of the Dungeon)

   It makes you vulnerable to cold.
   It protects you from poison.
   It protects you from negative energy.
   It lets you see invisible.
 V - a +2 pair of gloves of dexterity (worn)
 Z - the +0 leather armour "Kitwam" (worn) {*Slow rElec Regen+ Slay+4}
   (You found it on level 13 of the Dungeon)

   It affects your accuracy and damage with ranged weapons and melee attacks
   (+4).
   It insulates you from electricity.
   It increases your rate of regeneration.
   It may slow you when you take damage.
Jewellery
 j - an uncursed ring of stealth
 k - a ring of positive energy (left hand)
 m - an uncursed amulet of regeneration {unknown}
 r - an uncursed ring of flight
 v - an amulet of magic regeneration (around neck)
 N - a ring of protection from cold (right hand)
Wands
 u - a wand of digging (12/24)
Scrolls
 s - 2 scrolls of silence
 x - 12 scrolls of remove curse
 y - 3 scrolls of blinking
 A - 2 scrolls of fog
 B - 2 scrolls of fear
 F - 4 scrolls of teleportation
 U - 2 scrolls of magic mapping
Potions
 d - 3 potions of might
 h - 13 potions of curing
 i - 4 potions of agility
 z - 3 potions of berserk rage
 C - 2 potions of ambrosia
 D - 3 potions of haste
 E - a potion of resistance
 L - 2 potions of invisibility
 M - a potion of flight
Miscellaneous
 p - a phantom mirror
Comestibles
 b - 12 chunks of flesh
 f - 13 bread rations
 g - 4 meat rations
 o - 24 fruits
 q - 26 royal jellies


   Skills:
 - Level 10.0 Fighting
 - Level 14.0 Short Blades
 - Level 10.0 Armour
 - Level 10.0 Dodging
 + Level 12.5 Shields


You had 14 spell levels left.
You didn't know any spells.

Dungeon Overview and Level Annotations

Branches:
Dungeon (14/15)            Temple (1/1) D:5            Lair (6/6) D:10
 Shoals (0/4) Lair:4       Spider (0/4) Lair:4        Slime (0/5) Lair:5
    Orc (0/2) D:10         Vaults (0/5) D:14         Depths (0/5) D:15

Altars:
Ashenzari
Cheibriados
Dithmenos
Elyvilon
Fedhas
Gozag
Hepliaklqana
Kikubaaqudgha
Makhleb
Nemelex Xobeh
Okawaru
Qazlal
Ru
Sif Muna
Trog
Uskayaw
Vehumet
Wu Jian
Xom
Yredelemnul
Zin
The Shining One
Jiyva

Shops:
D:4 %   D:5 (   D:7 ((   D:8 (   D:10 !

Annotations:
D:12 1 runed door, exclusion: 4 orange crystal statues
Lair:5 1 runed door


Innate Abilities, Weirdness & Mutations

You have razor-sharp teeth.
You heal very quickly.
When hurt, damage is shared between your health and your magic reserves.
Your bite disrupts and absorbs the magic of your enemies.
Potions cannot restore your health.
You are immune to rotting.
You are agile. (Dex +2)
Scrolls take you a little longer to read.
Your mind is very acute. (Int +4)
Armour fits poorly on your strangely shaped body.
You are resistant to hostile enchantments. (MR+)
You passively map a small area around you.
You are robust. (+10% HP)
Your spells are a little harder to cast, but a little more powerful.


Message History

The four-headed hydra bites you.
* * * LOW HITPOINT WARNING * * *
The four-headed hydra bites you.
* * * LOW HITPOINT WARNING * * *
You spin and attack the four-headed hydra repeatedly.
You hit the four-headed hydra. You bite the four-headed hydra!
You drain its power.
You feel invigorated.
You kill the four-headed hydra!
The Council accepts your kill.
You spin and attack the dire elephant repeatedly.
You hit the dire elephant but do no damage.
The dire elephant looks as sick as possible!
You bite the dire elephant! You drain its power.
You feel invigorated.
The dire elephant is almost dead.
You hit the dire elephant.
The dire elephant is almost dead.
The manticore flicks its tail.
The volley of spikes hits you!
The barbed spikes become lodged in your body.
You die...

.........#
#.####..# #.# *
##..###..####..
....# #.# *,
####...#,, ...#
#.# #..#.≈.#,
**#..# #.#
#..#...# ,, #..#
#.# , #.###+*
#..###.# ##s..#
#......# , , *
#H§Y# #......# ,,,
#..@# ,* #...##.#
, * #>###.#*
#...##.# ,* ##
#..####...##.# *
..#......##.# *
####......##.# , *
#.........##.# ,
.###.........##.#
,.............##.#
.............##.#


You could see a dire elephant, a wolf spider and a manticore.

Vanquished Creatures
  Gastronok (Lair:1)
  A minotaur (Lab)
  Josephine (Lair:4)
  2 ogre magi
  The ghost of flyleaff the Devastator, a journeyman DEWz of Vehumet (Lair:6)
  9 hydras
  A centaur warrior (D:14)
  2 dancing weapons (D:14)
  14 two-headed ogres
  A queen ant (Lair:2)
  A tengu warrior (D:15)
  4 unseen horrors
  A wizard (D:15)
  A wolf spider zombie (D:15)
  A wolf spider (Lair:3)
  A deep elf mage (D:15)
  4 ugly things
  A manticore (D:13)
  6 elephants
  2 black mambas (Lair:3)
  A merfolk siren (Lair:4)
  13 spiny frogs
  5 gargoyles
  A torpor snail (Lair:5)
  A yaktaur (D:15)
  8 komodo dragons
  A minotaur zombie (Lab)
  3 merfolk (Lair:4)
  A queen bee (Lair:4)
  6 polar bears
  3 trolls
  3 meliai (Lair:4)
  9 blink frogs
  5 hornets
  Prince Ribbit (D:9)
  7 slime creatures
  8 hippogriffs
  12 dream sheep
  17 spriggans
  A shadow (D:11)
  2 wyverns
  2 vampires
  51 yaks
  4 wraiths
  3 hogs (D:7)
  A human (D:7)
  A steam dragon (D:8)
  2 hungry ghosts
  4 basilisks
  7 soldier ants (Lair:2)
  9 water moccasins
  5 porcupines
  5 black bears
  2 ice beasts
  3 orc warriors
  An eye of draining (D:8)
  5 sky beasts
  3 phantoms
  2 necrophages (D:9)
  8 ogres
  A hornet zombie (D:9)
  4 boggarts (Lair:6)
  17 wolves
  8 centaurs
  9 crocodiles
  A big kobold (D:9)
  18 bullfrogs
  4 wyvern skeletons
  5 scorpions
  A hornet simulacrum (D:13)
  39 killer bees
  9 wights
  A howler monkey (D:5)
  5 crimson imps
  4 centaur zombies
  4 lava snakes (Lab)
  4 bullfrog zombies
  3 quasits
  7 jellies
  10 orc priests
  9 hounds
  6 bullfrog skeletons
  7 centaur skeletons
  4 iguanas
  14 orc wizards
  33 worker ants
  A killer bee zombie (D:5)
  5 hound skeletons
  9 mummies
  A howler monkey zombie (D:9)
  A worker ant zombie (D:8)
  3 gnolls (D:4)
  7 river rats (D:5)
  13 adders
  4 shadow imps
  3 oozes
  An adder skeleton (D:5)
  An adder zombie (D:9)
  2 worms
  3 dart slugs
  7 leopard geckos
  57 orcs
  A ball python (D:5)
  3 bats
  9 giant cockroaches
  4 hobgoblins
  11 jackals
  10 quokkas
  8 frilled lizards
  A gnoll zombie (Ossuary)
  10 goblins
  A goblin zombie (D:6)
  3 hobgoblin zombies
  15 kobolds
  4 kobold zombies (Ossuary)
  A leopard gecko skeleton (D:5)
  An orc zombie (Ossuary)
  2 quokka zombies
  20 rats
730 creatures vanquished.

Vanquished Creatures (others)
  4 fungi
  6 plants (Lair:3)
10 creatures vanquished.

Grand Total: 740 creatures vanquished

Notes
Turn   | Place    | Note
-------+----------+-------------------------------------------
     0 | D:1      | useraccount the Vine Stalker Fighter began the quest for the Orb.
     0 | D:1      | Reached XP level 1. HP: 11/11 MP: 2/2
    36 | D:1      | Reached skill level 2 in Short Blades
    36 | D:1      | Reached XP level 2. HP: 13/16 MP: 3/3
   348 | D:1      | Reached XP level 3. HP: 19/19 MP: 4/4
   768 | D:2      | Gained mutation: Your natural rate of healing is unusually fast. [Vine Stalker growth]
   768 | D:2      | Reached XP level 4. HP: 21/24 MP: 5/5
   793 | D:2      | Reached skill level 1 in Dodging
  1414 | D:3      | Reached XP level 5. HP: 28/28 MP: 4/6
  1416 | D:3      | Reached skill level 3 in Short Blades
  1433 | D:3      | Found a hide-covered altar of Uskayaw.
  1666 | D:3      | Found a deep blue altar of Sif Muna.
  1997 | D:4      | Reached XP level 6. HP: 32/32 MP: 7/7
  2016 | D:4      | Found a hazy altar of Hepliaklqana.
  2016 | D:4      | Found an iron altar of Okawaru.
  2016 | D:4      | Found an opulent altar of Gozag.
  2016 | D:4      | Found a sacrificial altar of Ru.
  2369 | D:4      | Found a glowing golden altar of the Shining One.
  2413 | D:4      | Reached XP level 7. HP: 23/37 MP: 3/8
  2458 | D:4      | Found Echueg's Food Shoppe.
  2617 | D:5      | Entered Level 5 of the Dungeon
  2629 | D:5      | Reached skill level 4 in Short Blades
  2642 | D:5      | Found Wong's Weapon Shop.
  2824 | D:5      | Found a staircase to the Ecumenical Temple.
  2865 | Temple   | Entered the Ecumenical Temple
  2871 | Temple   | Became a worshipper of the Wu Jian Council
  3308 | D:5      | Gained mutation: You have razor-sharp teeth. [Vine Stalker growth]
  3308 | D:5      | Reached XP level 8. HP: 26/42 MP: 9/9
  3384 | D:5      | Reached skill level 5 in Short Blades
  3416 | D:5      | Reached * piety under Wu Jian
  3652 | D:5      | Reached ** piety under Wu Jian
  3979 | D:6      | Found a sand-covered staircase.
  4018 | Ossuary  | Entered an ossuary
  4065 | Ossuary  | Reached skill level 6 in Short Blades
  4138 | Ossuary  | Reached skill level 5 in Fighting
  4307 | D:6      | Reached XP level 9. HP: 47/47 MP: 10/10
  4601 | D:6      | Got a scorched helmet
  4612 | D:6      | Identified the +2 helmet "Nenn" {rPois rC- rN+ SInv} (You found it on level 6 of the Dungeon)
  5317 | D:7      | Reached skill level 5 in Shields
  5419 | D:7      | Found Dufudec's Antique Weapon Emporium.
  5555 | D:7      | Found Hoeskone's Weapon Shop.
  5601 | D:7      | Reached skill level 7 in Short Blades
  5620 | D:7      | Reached skill level 5 in Armour
  5693 | D:7      | Found a sacrificial altar of Ru.
  5944 | D:8      | Reached *** piety under Wu Jian
  5944 | D:8      | Reached XP level 10. HP: 30/53 MP: 11/11
  6052 | D:8      | Noticed a two-headed ogre
  6052 | D:8      | Noticed a two-headed ogre
  6292 | D:8      | Found Mur Vut's Antique Weapon Shoppe.
  6430 | D:7      | Killed a two-headed ogre
  6430 | D:7      | Reached skill level 8 in Short Blades
  6480 | D:8      | Reached skill level 5 in Dodging
  6611 | D:8      | Found a sparkling altar of Nemelex Xobeh.
  6676 | D:8      | Killed a two-headed ogre
  6822 | D:9      | Noticed a two-headed ogre
  6851 | D:8      | Killed a two-headed ogre
  6974 | D:9      | Reached **** piety under Wu Jian
  7034 | D:9      | Noticed Prince Ribbit
  7053 | D:9      | Killed Prince Ribbit
  7053 | D:9      | Reached skill level 9 in Short Blades
  7053 | D:9      | Reached XP level 11. HP: 53/58 MP: 12/12
  7237 | D:9      | Noticed a two-headed ogre
  7300 | D:9      | Killed a two-headed ogre
  7414 | D:9      | Noticed a two-headed ogre
  7421 | D:9      | Killed a two-headed ogre
  7971 | D:10     | Entered Level 10 of the Dungeon
  8090 | D:10     | Reached ***** piety under Wu Jian
  8197 | D:10     | Found a staircase to the Lair.
  8208 | D:10     | Reached skill level 10 in Short Blades
  8382 | D:10     | Found Siotunn's Distillery.
  8387 | D:10     | Bought a potion of experience for 700 gold pieces
  8389 | D:10     | Reached skill level 11 in Short Blades
  8389 | D:10     | Gained mutation: You heal very quickly. [Vine Stalker growth]
  8389 | D:10     | Reached XP level 12. HP: 64/64 MP: 13/13
  8653 | D:10     | Found a staircase to the Orcish Mines.
  9031 | D:11     | Reached XP level 13. HP: 68/68 MP: 14/14
  9798 | D:12     | Noticed an ogre mage
  9810 | D:12     | Killed an ogre mage
  9820 | D:12     | Reached skill level 12 in Short Blades
  9963 | D:12     | Found a runed door.
  9987 | D:12     | Found a runed door.
 10692 | D:13     | Reached ****** piety under Wu Jian
 10957 | D:13     | Got a spiked leather armour
 10968 | D:13     | Identified the +0 leather armour "Kitwam" {*Slow rElec Regen+ Slay+4} (You found it on level 13 of the Dungeon)
 11479 | Lair:1   | Entered Level 1 of the Lair of Beasts
 11554 | Lair:1   | Found a labyrinth entrance.
 11582 | Lab      | Entered a labyrinth
 11892 | Lab      | Noticed a minotaur
 11897 | Lab      | Killed a minotaur
 12118 | Lair:1   | Reached skill level 10 in Shields
 12181 | Lair:1   | Reached XP level 14. HP: 68/73 MP: 15/15
 12293 | Lair:1   | Noticed Gastronok
 12320 | Lair:1   | Killed Gastronok
 14175 | Lair:4   | Found a staircase to the Shoals.
 14301 | Lair:4   | Noticed Josephine
 14308 | Lair:4   | Killed Josephine
 14312 | Lair:4   | Reached skill level 10 in Armour
 14320 | Lair:4   | Reached skill level 10 in Fighting
 14388 | Lair:4   | Reached skill level 10 in Dodging
 14466 | Lair:4   | Found a hole to the Spider Nest.
 15062 | Lair:5   | Reached XP level 15. HP: 67/80 MP: 16/16
 15073 | Lair:5   | Found a runed door.
 15074 | Lair:5   | Found a viscous altar of Jiyva.
 15075 | Lair:5   | Found a staircase to the Slime Pits.
 15456 | Lair:5   | Found a runed door.
 15798 | Lair:6   | Entered Level 6 of the Lair of Beasts
 15836 | Lair:6   | Identified 2 scrolls of acquirement
 16083 | Lair:6   | Noticed flyleaff's ghost (journeyman DEWz)
 16093 | Lair:6   | Killed flyleaff's ghost
 16157 | Lair:6   | Reached skill level 13 in Short Blades
 16983 | Lair:6   | Got an ichor-stained rapier
 16984 | Lair:6   | Identified the +1 rapier "Riakoib" {distort, -Tele *Drain rF+ Str+9} (You acquired it on level 6 of the Lair of Beasts)
 16989 | Lair:6   | Gained mutation: You tend to lose your temper in combat. [mutagenic glow]
 17205 | Lair:2   | Lost mutation: You tend to lose your temper in combat. [potion of mutation]
 17205 | Lair:2   | Gained mutation: You passively map a small area around you. [potion of mutation]
 17205 | Lair:2   | Gained mutation: Scrolls take you a little longer to read. [potion of mutation]
 17205 | Lair:2   | Gained mutation: You have a pair of small horns on your head. [potion of mutation]
 17282 | D:11     | Lost mutation: You passively map a small area around you. [potion of mutation]
 17282 | D:11     | Lost mutation: Scrolls take you a little longer to read. [potion of mutation]
 17282 | D:11     | Lost mutation: You have a pair of small horns on your head. [potion of mutation]
 17282 | D:11     | Gained mutation: Armour fits poorly on your strangely shaped body. [potion of mutation]
 17282 | D:11     | Gained mutation: Your spells are a little harder to cast, but a little more powerful. [potion of mutation]
 17282 | D:11     | Gained mutation: Your mind is acute. (Int +2) [potion of mutation]
 17282 | D:11     | Gained mutation: You are robust. (+10% HP) [potion of mutation]
 17435 | D:14     | Found a gate to the Vaults.
 17499 | D:14     | Gained mutation: You are agile. (Dex +2) [mutagenic meat]
 17500 | D:14     | Gained mutation: Your mind is very acute. (Int +4) [mutagenic meat]
 17502 | D:14     | Gained mutation: You are resistant to hostile enchantments. (MR+) [mutagenic meat]
 17503 | D:14     | Gained mutation: You passively map a small area around you. [mutagenic meat]
 17504 | D:14     | Gained mutation: Scrolls take you a little longer to read. [mutagenic meat]
 17523 | D:14     | You fall through a shaft!
 17523 | D:15     | Entered Level 15 of the Dungeon
 17794 | D:15     | Reached skill level 14 in Short Blades
 17865 | D:15     | Found a staircase to the Depths.
 17873 | D:15     | HP: 4/88 [four-headed hydra (3)]
 17874 | D:15     | Killed from afar by a manticore

Vault maps used:
D:1:      co_arrival_random_square_maze
D:2:      kennysheep_flooded_box
D:3:      overflow_temple_1_default, eat_drink_and_be_merry_uskayaw, first_bread
D:4:      chequers_temple_overflow_statue_of_worship, serial_shops,
          shop_fountains, serial_glass, glass_columns_a, glass_columns_a,
          tso_altar
D:5:      lemuel_ratsnest, minmay_temple_entry_trees, serial_shops, shop,
          grunt_decor_cap
D:6:      nicolae_ossuary_entry_giza, grunt_tough_drop
D:7:      serial_shops, shop, shop_statue, serial_glass, glass_columns_b,
          glass_columns_a, minmay_strange_pillars, due_unseen_surprise,
          feat_on_display, grunt_livestock, nicolae_ru_path_of_blood
D:8:      basic_altar, serial_shops, shop
D:9:      serial_undead, serial_undead_d, serial_undead_f, serial_undead_f,
          serial_undead_c, uniq_prince_ribbit1
D:10:     lemuel_ice_spiral_2, david_lair_generic, orc_0_dummy, serial_shops,
          nicolae_shop_competitors_out_of_business
D:12:     chequers_guarded_unrand_ignorance
D:13:     serial_glass, glass_columns_b, glass_columns_c
D:14:     erik_vaults_1, serial_park_tiny_1, jiyva_altar_1
D:15:     hangedman_depths_entry_try_elsewhere_first, serial_shops, shop
Temple:   eino_temple_rhombus
Lair:1:   kb_forest_paths, lab_entry_generic, uniq_gastronok
Lair:2:   zaba_antful_of_joy
Lair:3:   minmay_lair_venomous_thicket, lemuel_fruit_tree
Lair:4:   elwin_shoals_entry_stream, spider_nest_entry_web_field, special_room,
          beast_lair_carwin_4, uniq_josephine
Lair:5:   slime_altar_2, nicolae_quartered_pool_little, pf_torpor_hydra,
          grunt_megastairs_2
Lair:6:   minmay_lair_end_enchanted_forest
Lab:      labyrinth_hidden_loot, labyrinth_glass_1, labyrinth_skeletal_remains,
          nicolae_lab_swirl, labyrinth_lava_lair, nicolae_lab_blocks,
          nicolae_lab_big_swirl, lab_statue, nicolae_lab_lava
Ossuary:  ossuary_tomb_3

Skill      XL: |  1  2  3  4  5  6  7  8  9 10 11 12 13 14 15 |
---------------+----------------------------------------------+-----
Short Blades   | 2 3 4 6 7 9 11 12 14 | 14.0
Fighting       | 3 4 5 6 7 8 10 | 10.0
Shields        | 3 4 5 6 7 10 12 | 12.5
Dodging        | 1 2 3 4 5 7 9 10 | 10.0
Armour         | 3 4 5 7 8 10 | 10.0

Action                   |  1- 3 |  4- 6 |  7- 9 | 10-12 | 13-15 || total
-------------------------+-------+-------+-------+-------+-------++-------
Melee: Rapier            |    97 |    50 |       |       |   207 ||   354
       Bite              |    26 |    45 |   147 |   183 |   745 ||  1146
       Long sword        |       |   109 |   251 |   221 |       ||   581
       Dagger            |       |       |   187 |       |       ||   187
       Short sword       |       |       |       |   273 |  1571 ||  1844
Evoke: Wand              |       |       |     1 |       |       ||     1
  Use: Scroll            |       |       |    11 |     2 |    21 ||    34
       Potion            |       |       |       |     1 |     2 ||     3
 Stab: Sleeping          |       |       |       |     4 |     3 ||     7
       Distracted        |       |       |       |       |     4 ||     4
  Eat: Chunk             |       |     5 |    11 |    13 |    37 ||    66
       Fruit             |       |       |     2 |       |     1 ||     3
Armor: Scale mail        |    37 |    39 |       |       |       ||    76
       Plate armour      |       |    45 |   239 |    38 |       ||   322
       Steam dragon scal |       |       |       |    57 |    24 ||    81
       Leather armour    |       |       |       |       |   111 ||   111
Dodge: Dodged            |    22 |    43 |    84 |   145 |   458 ||   752
Block: Shield            |    37 |    86 |   253 |   192 |   560 ||  1128
       Reflection        |       |       |       |     3 |       ||     3
       Rpst.: Long sword |       |     6 |    18 |    19 |       ||    43
